 Dungeon Crawl Stone Soup version 0.29.0-4-gdea44cf6ec (webtiles) character file.

Game seed: 10436070434847946093

239 qw the Chopper (level 5, 0/48 HPs)
             Began as a Minotaur Berserker on Sept 6, 2022.
             Was a Believer of Trog.
             Succumbed to Duvessa's poison
             ... on level 4 of the Dungeon.
             The game lasted 00:00:53 (2689 turns).

qw the Chopper (Minotaur Berserker)                 Turns: 2689, Time: 00:00:54

Health: 0/48       AC:  8    Str: 24    XL:     5   Next: 79%
Magic:  4/4        EV:  8    Int: 10    God:    Trog [**....]
Gold:   119        SH:  0    Dex:  9    Spells: 4/4 levels left

rFire   . . .      SeeInvis .   Y - +2 hand axe
rCold   . . .      Faith    .   (no shield)
rNeg    . . .      Spirit   .   i - +0 chain mail
rPois   .          Reflect  .   (helmet restricted)
rElec   .          Harm     .   (no cloak)
rCorr   .          Rampage  .   (no gloves)
Will    .....                   (no boots)
Stlth   ..........              (no amulet)
HPRegen 0.16/turn               h - +6 ring of intelligence
MPRegen 0.09/turn               (no ring)

@: lethally poisoned (0 -> -31), about to teleport, weak-willed, on berserk
cooldown, slowed, very slow
A: horns 2, retaliatory headbutt
a: Renounce Religion, Berserk, Trog's Hand


You were on level 4 of the Dungeon.
You worshipped Trog.
Trog was pleased with you.
You visited 1 branch of the dungeon, and saw 4 of its levels.

You collected 119 gold pieces.


Innate Abilities, Weirdness & Mutations

You have a pair of horns on your head.
You reflexively headbutt those who attack you in melee.


   Skills:
 - Level 5.2 Fighting
 + Level 7.0 Axes
 - Level 2.4 Armour
 - Level 2.1 Dodging


You had 4 spell levels left.
You didn't know any spells.
Your spell library was empty.

Inventory:

Hand Weapons
 n - a +0 flail
 Y - a +2 hand axe (weapon)
Armour
 i - a +0 chain mail (worn)
Jewellery
 h - a +6 ring of intelligence (left hand)
 m - a ring of fire
Scrolls
 b - 2 scrolls of teleportation
 k - a scroll of enchant armour
Potions
 c - a potion of resistance {unknown}
 e - a potion of degeneration {unknown}
 f - 4 potions of curing
 j - a potion of flight {unknown}
 l - a potion of invisibility {unknown}

Dungeon Overview and Level Annotations

Branches:
Dungeon (4/15)
 Temple: D:4-7

Altars:


Message History

Trog accepts your kill.
Trog appreciates your killing of a magic user.
You hear a distant scream of rage.
Your Axes skill increases to level 7!
You have reached level 5!
You feel sick.
Duvessa goes berserk!
Duvessa hits you with a +1 rapier of venom!
Items here: ! % ) [.
You slash Duvessa!
Duvessa is lightly wounded.
You feel sick. Duvessa closely misses you.
You closely miss Duvessa. You headbutt Duvessa!
Duvessa is moderately wounded.
You feel sick.
Duvessa hits you with a +1 rapier of venom.
You slash Duvessa!
Duvessa is severely wounded.
You feel sick.
Duvessa hits you with a +1 rapier of venom.
You are more poisoned.
You slash Duvessa!
Duvessa is almost dead.
You feel sick.
Duvessa hits you with a +1 rapier of venom!
You are lethally poisoned!
You hear an angry hiss.
You slash Duvessa!
You kill Duvessa!
Trog accepts your kill.
You feel extremely sick.
An adder comes into view.
Your Fighting skill gained 2 levels and is now at level 5!
You are no longer berserk.
You are exhausted.
You feel yourself slow down.
You feel very sick.
There is a stone staircase leading up here.
2689 ||| READING 3 scrolls of teleportation.
As you read the scroll of teleportation, it crumbles to dust.
You feel strangely unstable.
You die...

#.# #.# #.#
#.# ## #.###
... #...#
....
+.#.#..#
#.....#
#)@..##
..[...).#S##
..#######.#
.# .. .. #.#
.#


You could see an adder.

Vanquished Creatures
  Duvessa (D:4)
  Dowan (D:4)
  3 gnolls (D:3)
  An adder (D:2)
  3 endoplasms
  3 giant cockroaches
  9 goblins
  3 hobgoblins
  10 kobolds
  2 quokkas
  8 ball pythons
  3 bats
  5 frilled lizards
  5 rats
57 creatures vanquished.

Notes
Turn   | Place    | Note
-------+----------+-------------------------------------------
     0 | D:1      | qw the Minotaur Berserker began the quest for the Orb.
     0 | D:1      | Reached XP level 1. HP: 19/19 MP: 0/0
     0 | D:1      | 0 ||| qw: Version: 0.1-a-108-g9e35731
     0 | D:1      | 0 ||| qw: Game counter: 6351
     0 | D:1      | 0 ||| qw: Always use a shield: true
     0 | D:1      | 0 ||| qw: Do Orc after D:15 true
     0 | D:1      | 0 ||| qw: Do second Lair branch before Depths: true
     0 | D:1      | 0 ||| qw: Lair rune preference: random
     0 | D:1      | 0 ||| qw: Plans: Normal
     0 | D:1      | 0 ||| PLANNING D:1-11
    93 | D:1      | 93 ||| Stepping ~*~*~tactically~*~*~ (stealth).
    97 | D:1      | 97 ||| Stepping ~*~*~tactically~*~*~ (stealth).
    98 | D:1      | 98 ||| Stepping ~*~*~tactically~*~*~ (stealth).
   211 | D:1      | Reached skill level 4 in Axes
   214 | D:1      | 214 ||| DROPPING +0 club.
   338 | D:1      | Reached XP level 2. HP: 26/26 MP: 1/1
   604 | D:1      | 604 ||| Stepping ~*~*~tactically~*~*~ (stealth).
   752 | D:1      | Reached skill level 5 in Axes
   999 | D:1      | 999 ||| UPGRADING to +0 ring mail.
  1009 | D:1      | 1009 ||| DROPPING +0 animal skin.
  1010 | D:1      | 1010 ||| UPGRADING to +0 chain mail.
  1020 | D:1      | 1020 ||| DROPPING +0 ring mail.
  1021 | D:1      | 1021 ||| READING scroll labelled EMOEBI MAGG.
  1022 | D:1      | 1022 ||| READING scroll labelled DOWUIL OPP.
  1023 | D:1      | 1023 ||| READING scroll labelled ABIAX NURCH.
  1024 | D:1      | 1024 ||| READING scroll labelled MOSEOM DAETIOL.
  1053 | D:2      | 1053 ||| Stepping ~*~*~tactically~*~*~ (stealth).
  1058 | D:2      | Reached XP level 3. HP: 27/31 MP: 2/2
  1129 | D:2      | Reached ** piety under Trog
  1673 | D:2      | 1673 ||| UPGRADING to +6 ring of intelligence.
  1674 | D:2      | 1674 ||| READING 3 scrolls labelled APTUOW COSKUL.
  1679 | D:2      | 1679 ||| READING 2 scrolls labelled JITACVUEFA.
  1680 | D:2      | 1680 ||| READING scroll labelled QAWUOM PYCWE.
  1681 | D:2      | 1681 ||| READING scroll labelled TASYESELLA.
  1682 | D:2      | 1682 ||| DRINKING 2 dark potions.
  1683 | D:2      | 1683 ||| DRINKING 2 sedimented cyan potions.
  1684 | D:2      | 1684 ||| DROPPING potion of brilliance.
  1685 | D:2      | 1685 ||| DROPPING scroll of poison.
  1686 | D:2      | 1686 ||| READING 2 scrolls of teleportation.
  1750 | D:3      | 1750 ||| Stepping ~*~*~tactically~*~*~ (stealth).
  1797 | D:3      | Found a faded altar of an unknown god.
  1878 | D:3      | 1878 ||| READING scroll of enchant weapon.
  1878 | D:3      | 1878 ||| ENCHANTING +1 hand axe.
  1992 | D:3      | 1992 ||| Stepping ~*~*~tactically~*~*~ (stealth).
  2279 | D:3      | 2279 ||| Stepping ~*~*~tactically~*~*~ (hiding).
  2281 | D:3      | 2281 ||| Stepping ~*~*~tactically~*~*~ (hiding).
  2284 | D:3      | 2284 ||| INVOKING Berserk.
  2287 | D:3      | Reached skill level 6 in Axes
  2287 | D:3      | Reached XP level 4. HP: 39/39 MP: 3/3
  2425 | D:3      | 2425 ||| DROPPING +0 whip.
  2534 | D:3      | 2534 ||| READING scroll labelled REMUG HUSTRALIO.
  2669 | D:3      | 2669 ||| READING scroll labelled HAJI DEEQESTYNOAZ.
  2674 | D:4      | Noticed Duvessa
  2674 | D:4      | Noticed Dowan
  2675 | D:4      | 2675 ||| Stepping ~*~*~tactically~*~*~ (hiding).
  2677 | D:4      | 2677 ||| INVOKING Berserk.
  2681 | D:4      | Killed Dowan
  2682 | D:4      | Reached skill level 7 in Axes
  2682 | D:4      | Reached XP level 5. HP: 45/45 MP: 4/4
  2687 | D:4      | Killed Duvessa
  2688 | D:4      | HP: 10/48 [poisoned by Duvessa]
  2689 | D:4      | 2689 ||| READING 3 scrolls of teleportation.
  2689 | D:4      | Succumbed to Duvessa's poison

Levels and vault maps discovered:
D:1:      amcnicky_arrival_single_pillar, layout_loops_ring, st_stairs_13,
          nrook_uturn
D:2:      layout_rooms
D:3:      layout_rooms, shapermc_ecumenical_altar_totnotflames,
          serial_co_window_serial, co_window_paths_a, co_window_paths_a,
          co_window_of_opportunity_a, co_window_paths_a, co_window_paths_a,
          co_window_corner_ca, co_window_paths_c, co_window_paths_c,
          uniq_crazy_yiuf_cottage
D:4:      layout_rooms, nicolae_qazlal_scattered_showers,
          chequers_temple_overflow_minitemple, kennysheep_minor_cross,
          st_stairs_9, kennysheep_cross_bottleneck, minivault_25, uniq_grinder,
          uniq_eustachio, uniq_duvessa

Skill      XL: |  1  2  3  4  5 |
---------------+----------------+-----
Axes           | 4 5 6 7 |  7.0
Fighting       | 5 |  5.2
Armour         | |  2.4
Dodging        | |  2.1

Action                   |  1- 3 |  4- 6 || total
-------------------------+-------+-------++-------
Melee: Hand axe          |   102 |    16 ||   118
       Headbutt          |    11 |     3 ||    14
       Punch             |     1 |       ||     1
Invok: Berserk           |     1 |     1 ||     2
  Use: Scroll            |    10 |     3 ||    13
       Potion            |     2 |       ||     2
Armor: Animal skin       |     9 |       ||     9
       Chain mail        |    16 |     4 ||    20
Dodge: Dodged            |    54 |     6 ||    60

Table legend:
 A = Non-vault XP
 B = Vault XP
 C = Vault XP percentage of total XP
 D = Non-vault monster count
 E = Vault monster count
 F = Vault count percentage of total count
                 A         B        C        D         E       F
            +---------+---------+-------+---------+---------+-------
      Total |     130 |     212 |  62.0 |      53 |       4 |   7.0
            +---------+---------+-------+---------+---------+-------
        D:1 |      37 |       2 |   5.1 |      24 |       2 |   7.7
        D:2 |      34 |       0 |   0.0 |      15 |       0 |   0.0
        D:3 |      59 |       0 |   0.0 |      14 |       0 |   0.0
        D:4 |       0 |     210 | 100.0 |       0 |       2 | 100.0
            +---------+---------+-------+---------+---------+-------
